 Dungeon Crawl Stone Soup version 0.22.0-21-g8bd1b0a (console) character file.

63212 removed the Whirler (level 15, 61/108 HPs)
             Began as a Halfling Conjurer on Aug 19, 2018.
             Was a High Priest of Okawaru.
             Quit the game on level 13 of the Dungeon.
             The game lasted 01:33:27 (39626 turns).

removed the Whirler (Halfling Conjurer)            Turns: 39626, Time: 01:33:28

Health: 61/108     AC: 29    Str: 14    XL:     15   Next: 49%
Magic:  22/22      EV: 13    Int: 13    God:    Okawaru [*****.]
Gold:   617        SH:  0    Dex: 17    Spells: 16/17 levels left

rFire    . . .     SeeInvis .   a - +0 fustibalus (freeze)
rCold    . . .     Gourm    .   (shield restricted)
rNeg     + . .     Faith    .   l - +3 plate armour
rPois    .         Spirit   .   U - +1 hat
rElec    .         Reflect  .   O - scarf {repulsion}
rCorr    .         Harm     .   L - +2 pair of gloves
MR       +....                  W - +0 pair of boots
Stlth    ..........             u - amulet of rage
HPRegen  0.28/turn              X - ring of positive energy
MPRegen  0.18/turn              f - +4 ring of protection

@: repel missiles
A: small, mutation resistance 1
a: Heroism, Finesse, Renounce Religion, Evoke Berserk Rage


You were on level 13 of the Dungeon.
You worshipped Okawaru.
Okawaru was extremely pleased with you.
You were hungry.

You visited 4 branches of the dungeon, and saw 22 of its levels.
You visited 1 bazaar.

You collected 1835 gold pieces.
You spent 1218 gold pieces at shops.

Inventory:

Hand Weapons
 a - a +0 fustibalus of freezing (weapon)
 b - a +0 dagger of electrocution
 N - a +0 scimitar of flaming
 Q - a +2 short sword of draining
 S - a +0 blowgun
Missiles
 d - 179 sling bullets (quivered)
 k - 4 throwing nets
 o - 8 curare-tipped needles
 s - 127 stones
Armour
 e - the +1 leather armour of a bailey {rC++ SInv}
   (You found it on level 12 of the Dungeon)

   It greatly protects you from cold.
   It lets you see invisible.
 l - a +3 plate armour (worn)
 C - a +0 buckler
 L - a +2 pair of gloves (worn)
 O - a scarf of repulsion (worn)
 U - a +1 hat (worn)
 W - a +0 pair of boots (worn)
 Z - a +1 cloak
Jewellery
 f - a +4 ring of protection (right hand)
 u - an amulet of rage (around neck)
 H - an uncursed ring of ice
 R - an uncursed ring of flight
 X - a ring of positive energy (left hand)
Wands
 r - a wand of acid (4)
 z - a wand of clouds (4)
 D - a wand of iceblast (12)
 Y - a wand of paralysis (21)
Scrolls
 h - 2 scrolls of amnesia
 p - 14 scrolls of remove curse
 q - 13 scrolls of teleportation
 w - 2 scrolls of blinking
 E - a scroll of enchant armour
 F - a scroll of fog
 K - a scroll of fear
Potions
 m - 4 potions of flight
 n - 2 potions of brilliance
 t - a potion of invisibility
 v - 2 potions of berserk rage
 x - 2 potions of haste
 A - 4 potions of ambrosia
 B - a potion of heal wounds
 I - 3 potions of magic
 P - 5 potions of curing
 T - 4 potions of might
 V - 2 potions of mutation
Miscellaneous
 y - a lamp of fire (inert)
Comestibles
 c - 27 rations
 M - 3 chunks of flesh


   Skills:
 - Level 12.0 Fighting
 - Level 16.0 Slings
 - Level 13.2 Armour
 - Level 13.0 Dodging
 - Level 2.1 Stealth
 - Level 1.5 Spellcasting
 - Level 3.7 Conjurations
 + Level 9.9 Invocations


You had 16 spell levels left.
You knew the following spells:

 Your Spells              Type           Power        Failure   Level  Hunger
a - Magic Dart            Conj           ##..         88%         1    ##.....

Your spell library contained the following spells:

 Spells                   Type           Power        Failure   Level  Hunger
 Searing Ray              Conj           ##....       96%         2    ###....
 Flame Tongue             Conj/Fire      #....        99%         1    ##.....
 Throw Flame              Conj/Fire      #.....       99%         2    ###....
 Blink                    Tloc           N/A          100%        2    ###....
 Call Imp                 Summ           #.......     100%        2    ###....
 Slow                     Hex            #.......     100%        2    ###....
 Conjure Flame            Conj/Fire      #.......     100%        3    ####...
 Dazzling Spray           Conj/Hex       #.....       100%        3    ####...
 Inner Flame              Hex/Fire       #.......     100%        3    ####...
 Mephitic Cloud           Conj/Pois/Air  #.......     100%        3    ####...
 Force Lance              Conj/Tloc      #.......     100%        4    #####..
 Fulminant Prism          Conj/Hex       #.........   100%        4    #####..
 Iskenderun's Mystic Bla  Conj           ##......     100%        4    #####..
 Sticky Flame             Conj/Fire      #.......     100%        4    #####..
 Fireball                 Conj/Fire      #.........   100%        5    ######.


Dungeon Overview and Level Annotations

Branches:
Dungeon (13/15)            Temple (1/1) D:4            Lair (6/6) D:8
 Shoals (0/4) Lair:3       Spider (0/4) Lair:2        Slime (0/5) Lair:5
    Orc (2/2) D:9             Elf (0/3) Orc:2
 Vaults: D:13-14

Altars:
Ashenzari
Cheibriados
Dithmenos
Elyvilon
Fedhas
Gozag
Hepliaklqana
Kikubaaqudgha
Makhleb
Nemelex Xobeh
Okawaru
Qazlal
Ru
Sif Muna
Trog
Uskayaw
Vehumet
Wu Jian
Xom
Yredelemnul
Zin
The Shining One
Beogh

Shops:
D:6 [   D:9 *   D:11 %   D:13 *   Orc:2 *!!**

Annotations:
D:13 1 transporter
Lair:3 1 runed door
Lair:6 2 runed doors, Rupert


Innate Abilities, Weirdness & Mutations

You are small and have problems with some larger weapons.
You are somewhat resistant to further mutation.


Message History

The kobold shoots a bolt.
The bolt closely misses you. The slime creature barely misses you.
The slime creature hits you!
There is an open door, spattered with blood here.
Things that are here:
a bolt; 3 sling bullets; a troll corpse The slime creature hits you.
Two slime creatures merge to form a very large slime creature.
There is an open door here.
A worker ant comes into view.
The worker ant twitches its antennae in your direction.
The worker ant moves out of view.
An orc comes into view.
The orc shouts!
Found a helmet.
The worker ant bites you but does no damage.
The worker ant misses you. The worker ant closely misses you.
The worker ant barely misses you. The orc hits you but does no damage.
There is a collapsed entrance here.
Are you sure you want to abandon this character and quit the game? (Confirm with "yes".)

,,,,,,,* #.......#....#.(.#.'
,,,,,,,* #.......###.(.K..#.#
,,,,,,,* ######'## ##..K.##.#
,,,,,,,* ##...# #.......#
****+*** ##..### ##+###..[ *,*
#...# *,,,###. *,* ###.#.###
***,* *# *,* ***#...Ja..#* *,*
*,* #....#o@.#..# *,* *,*
#..........[# *,* *,*
#......#....# *,* *,*
#..........##******,****
*,****#..........+,,,,,,,,,,,,
*,**,,...........#*******,****
*,*,,*#######*..## *,*
*,*,**......Q*#.# *,*
*,*,*8,,,,,,,8*,* *,*


You could see a tengu reaver, a slime creature, a worker ant and an orc.

Vanquished Creatures
  Frances (D:12)
  A yaktaur captain (D:12)
  8 hydras
  Erica (D:8)
  Erolcha (D:9)
  An ogre mage (D:11)
  3 two-headed ogres (D:11)
  A tengu warrior (D:9)
  3 orc high priests (Orc:2)
  An unseen horror (D:12)
  A lindwurm (Lair:6)
  5 orc knights (Orc:2)
  4 orc sorcerers (Orc:2)
  A deep elf mage (D:12)
  An ugly thing (D:11)
  A manticore (D:13)
  6 elephants
  Maurice (D:8)
  8 black mambas
  A gargoyle (D:12)
  3 molten gargoyles (Lair:6)
  2 rime drakes
  12 spiny frogs
  9 komodo dragons
  A yaktaur (D:12)
  3 trolls
  8 polar bears
  Prince Ribbit (D:8)
  3 blink frogs (Lair:5)
  4 dream sheep (Lair:6)
  9 hippogriffs
  A redback (Lair:2)
  A shadow (D:13)
  45 yaks
  5 wyverns
  3 steam dragons (Lair:6)
  Grum (D:9)
  4 basilisks
  3 vampire mosquitoes (D:12)
  3 wargs (Orc:1)
  4 hell hounds (Lair:6)
  11 water moccasins
  8 porcupines
  26 orc warriors
  An eye of draining (D:12)
  7 ice beasts
  A sky beast (D:7)
  5 black bears (Lair:2)
  A necrophage (D:5)
  2 phantoms
  12 ogres
  8 wolves
  10 centaurs
  17 crocodiles
  5 big kobolds
  17 bullfrogs
  2 gnoll sergeants
  13 killer bees
  4 scorpions
  3 electric eels (D:9)
  3 wights (D:7)
  4 howler monkeys
  2 lava snakes
  4 bullfrog zombies
  4 crimson imps
  2 quasits
  3 centaur zombies
  5 hounds
  3 jellies
  A bullfrog skeleton (D:4)
  Crazy Yiuf (D:3)
  2 gnoll shamans
  5 iguanas
  19 orc priests
  24 orc wizards
  Jessica (D:3)
  3 centaur skeletons
  9 worker ants
  A killer bee zombie (D:8)
  A hound skeleton (D:5)
  A worker ant zombie (D:8)
  25 gnolls
  15 adders
  A shadow imp (D:7)
  7 oozes
  A worm (D:2)
  3 dart slugs (D:1)
  9 leopard geckos
  69 orcs
  A ball python (D:3)
  7 giant cockroaches
  9 goblins
  5 hobgoblins
  3 jackals (D:8)
  20 kobolds
  5 quokkas
  8 bats
  10 frilled lizards
  A jackal zombie (D:6)
  A leopard gecko skeleton (D:5)
  A quokka skeleton (D:7)
  7 rats
  5 fungi
  A plant (Lair:5)
640 creatures vanquished.

Vanquished Creatures (others)
  A sky beast (D:11)
  A bush (Lair:6)
  24 fungi
  16 plants
42 creatures vanquished.

Grand Total: 682 creatures vanquished

Notes
Turn   | Place    | Note
-------+----------+-------------------------------------------
     0 | D:1      | removed the Halfling Conjurer began the quest for the Orb.
     0 | D:1      | Reached XP level 1. HP: 11/11 MP: 3/3
   213 | D:1      | Reached XP level 2. HP: 17/17 MP: 0/4
   430 | D:1      | Reached skill level 1 in Slings
   823 | D:1      | Reached XP level 3. HP: 21/21 MP: 3/5
   911 | D:1      | Reached skill level 2 in Slings
  1289 | D:2      | Reached skill level 3 in Slings
  1645 | D:2      | Reached XP level 4. HP: 21/27 MP: 6/6
  1788 | D:2      | Found a faded altar of an unknown god.
  1913 | D:2      | Reached skill level 4 in Slings
  2384 | D:2      | Found an opulent altar of Gozag.
  2386 | D:2      | Found a deep blue altar of Sif Muna.
  2387 | D:2      | Found a sacrificial altar of Ru.
  2389 | D:2      | Found a snail-covered altar of Cheibriados.
  2435 | D:3      | Noticed Jessica
  2990 | D:3      | Found a bloodstained altar of Trog.
  3052 | D:3      | Reached skill level 5 in Slings
  3052 | D:3      | Reached XP level 5. HP: 12/31 MP: 7/7
  3336 | D:3      | Killed Jessica
  3336 | D:3      | Reached skill level 6 in Slings
  3653 | D:3      | Found a shimmering altar of Xom.
  3841 | D:3      | Found a runed door.
  4246 | D:4      | Reached skill level 7 in Slings
  4246 | D:4      | Reached XP level 6. HP: 32/36 MP: 8/8
  4381 | D:4      | Found a staircase to the Ecumenical Temple.
  4393 | Temple   | Entered the Ecumenical Temple
  4455 | Temple   | Became a worshipper of Warmaster Okawaru
  4529 | D:4      | Found a sparkling altar of Nemelex Xobeh.
  4733 | D:4      | Reached skill level 8 in Slings
  4962 | D:4      | Noticed an ogre
  5320 | D:5      | Entered Level 5 of the Dungeon
  5323 | D:5      | Noticed a necrophage
  5580 | D:5      | Found a glowing golden altar of the Shining One.
  5635 | D:5      | Reached skill level 9 in Slings
  5635 | D:5      | Reached XP level 7. HP: 31/41 MP: 9/9
  5938 | D:5      | Reached skill level 10 in Slings
  6068 | D:5      | Reached * piety under Okawaru
  6377 | D:5      | Reached skill level 11 in Slings
  6377 | D:5      | Reached XP level 8. HP: 33/46 MP: 10/10
  7082 | D:5      | Reached skill level 12 in Slings
  7351 | D:6      | Found Mistrof's Armour Shop.
  7731 | D:6      | Reached skill level 5 in Dodging
  7739 | D:6      | Reached ** piety under Okawaru
  8085 | D:6      | Reached XP level 9. HP: 51/51 MP: 11/11
  9153 | D:7      | Reached skill level 1 in Fighting
 10172 | D:8      | Noticed Maurice
 10266 | D:8      | Killed Maurice
 10266 | D:8      | Reached *** piety under Okawaru
 10378 | D:8      | Reached skill level 5 in Fighting
 10515 | D:8      | Reached skill level 1 in Invocations
 10515 | D:8      | Reached XP level 10. HP: 61/66 MP: 12/12
 10523 | D:8      | Noticed Erica
 11097 | D:3      | Noticed Crazy Yiuf
 11108 | D:3      | Killed Crazy Yiuf
 11489 | D:8      | Killed Erica
 11489 | D:8      | Reached skill level 5 in Armour
 11618 | D:8      | Noticed Prince Ribbit
 11653 | D:8      | Killed Prince Ribbit
 11653 | D:8      | Reached **** piety under Okawaru
 11966 | D:8      | Found a staircase to the Lair.
 12462 | D:8      | Received a gift from Okawaru
 12697 | D:8      | Reached skill level 5 in Invocations
 14363 | D:9      | Received a gift from Okawaru
 14363 | D:9      | Reached XP level 11. HP: 72/72 MP: 16/16
 14547 | D:9      | Noticed Grum
 14556 | D:9      | Killed Grum
 14750 | D:9      | Found Tekhla Raujob's General Store.
 15232 | D:9      | Found a staircase to the Orcish Mines.
 15303 | D:9      | Noticed Erolcha
 15311 | D:9      | Killed Erolcha
 15311 | D:9      | Received a gift from Okawaru
 15644 | D:10     | Entered Level 10 of the Dungeon
 15825 | D:9      | Bought a scroll of identify for 30 gold pieces
 15825 | D:9      | Bought a scroll of identify for 30 gold pieces
 15825 | D:9      | Bought a scroll of identify for 30 gold pieces
 15918 | D:10     | Received a gift from Okawaru
 15988 | D:10     | Noticed a tengu warrior
 16107 | D:9      | Killed a tengu warrior
 16107 | D:9      | Reached skill level 10 in Dodging
 17025 | D:10     | Found a sacrificial altar of Ru.
 17108 | D:11     | Received a gift from Okawaru
 17650 | D:11     | Noticed a death knight
 18073 | D:11     | Found Zoawk's Food Boutique.
 18198 | D:11     | Reached XP level 12. HP: 44/81 MP: 17/17
 19004 | D:11     | Noticed a two-headed ogre
 19012 | D:11     | Noticed an ogre mage
 19018 | D:11     | Noticed a two-headed ogre
 19020 | D:11     | Killed a two-headed ogre
 19023 | D:11     | Noticed a two-headed ogre
 19042 | D:11     | Killed a two-headed ogre
 19042 | D:11     | Reached ***** piety under Okawaru
 19042 | D:11     | Received a gift from Okawaru
 19047 | D:11     | Killed a two-headed ogre
 19067 | D:11     | Killed an ogre mage
 19798 | Lair:1   | Entered Level 1 of the Lair of Beasts
 19924 | Lair:1   | Received a gift from Okawaru
 20927 | Lair:1   | Received a gift from Okawaru
 22196 | Lair:2   | Received a gift from Okawaru
 22196 | Lair:2   | Reached skill level 10 in Fighting
 22276 | Lair:2   | Reached XP level 13. HP: 89/92 MP: 18/18
 22586 | Lair:2   | Reached skill level 13 in Slings
 23196 | Lair:2   | Found a hole to the Spider Nest.
 23543 | Lair:2   | Reached skill level 14 in Slings
 24415 | Lair:3   | Reached skill level 15 in Slings
 24719 | Lair:3   | Found a staircase to the Shoals.
 24957 | Lair:3   | Found a runed door.
 25233 | Lair:4   | Noticed a seven-headed hydra
 25381 | Lair:4   | Killed a seven-headed hydra
 25690 | Lair:4   | Noticed a six-headed hydra
 25706 | Lair:4   | Killed a six-headed hydra
 25706 | Lair:4   | Reached skill level 16 in Slings
 27992 | Lair:5   | Received a gift from Okawaru
 28479 | Lair:5   | Noticed a five-headed hydra
 28514 | Lair:5   | Killed a five-headed hydra
 28786 | Lair:5   | Found a staircase to the Slime Pits.
 28916 | Lair:6   | Entered Level 6 of the Lair of Beasts
 28949 | Lair:6   | Reached XP level 14. HP: 90/101 MP: 19/19
 29423 | Lair:6   | Noticed Rupert
 29707 | Lair:5   | Received a gift from Okawaru
 29949 | Lair:5   | Reached skill level 10 in Armour
 30368 | D:12     | Noticed Frances
 30482 | D:12     | Found a flickering gateway to a bazaar.
 30512 | Bazaar   | Entered a bazaar
 30517 | Bazaar   | Found Rachyff's Weapon Shoppe.
 30526 | Bazaar   | Found Jeidaipe's Magic Scroll Boutique.
 30526 | Bazaar   | Found Rungiutwo's Antique Weapon Boutique.
 30535 | Bazaar   | Found Obood's Jewellery Emporium.
 30666 | Bazaar   | Bought a +0 fustibalus of freezing for 493 gold pieces
 30685 | Bazaar   | Bought a +4 ring of protection for 432 gold pieces
 31020 | D:12     | Killed Frances
 31020 | D:12     | Received a gift from Okawaru
 31698 | D:12     | Got a crude leather armour
 31709 | D:12     | Identified the +1 leather armour of a bailey {rC++ SInv} (You found it on level 12 of the Dungeon)
 34215 | Lair:6   | Received a gift from Okawaru
 34452 | Lair:6   | Found a large runed door.
 34499 | Lair:6   | Received a gift from Okawaru
 34569 | Lair:6   | Reached XP level 15. HP: 52/108 MP: 20/20
 34801 | Lair:6   | Found a large runed door.
 35350 | Orc:1    | Entered Level 1 of the Orcish Mines
 35668 | Orc:2    | Entered Level 2 of the Orcish Mines
 36047 | Orc:2    | Found a staircase to the Elven Halls.
 36583 | Orc:2    | Found a roughly hewn altar of Beogh.
 36807 | Orc:2    | Found Qadijio's General Store.
 36866 | Orc:2    | Found a roughly hewn altar of Beogh.
 38382 | Orc:2    | Found Uteimye's Assorted Antiques.
 38391 | Orc:2    | Found Piaxzom's Assorted Antiques.
 38396 | Orc:2    | Found Itwerini's Distillery.
 38398 | Orc:2    | Found Imyrie's Distillery.
 38684 | Orc:2    | Bought a scroll of identify for 58 gold pieces
 38786 | Orc:2    | Bought an encrusted ruby ring for 145 gold pieces
 39524 | D:13     | Found Xitzaung's Sacrilege Store.
 39524 | D:13     | Found an ancient bone altar of Kikubaaqudgha.
 39625 | D:13     | Found a transporter.
 39625 | D:13     | Noticed a tengu reaver
 39626 | D:13     | Quit the game

Skill      XL: |  1  2  3  4  5  6  7  8  9 10 11 12 13 14 15 |
---------------+----------------------------------------------+-----
Slings         | 1 3 5 7 9 11 12 16 | 16.0
Dodging        | 6 8 11 12 13 | 13.0
Fighting       | 5 7 10 11 12 | 12.0
Invocations    | 1 7 9 |  9.9
Armour         | 6 7 8 12 13 | 13.2
Stealth        | |  2.1
Spellcasting   | |  1.5
Conjurations   | |  3.7

Action                   |  1- 3 |  4- 6 |  7- 9 | 10-12 | 13-15 || total
-------------------------+-------+-------+-------+-------+-------++-------
Melee: Dagger            |     9 |       |     6 |   322 |    39 ||   376
       Punch             |       |       |       |     1 |       ||     1
 Fire: Hunting sling     |    51 |   132 |   707 |  1527 |  1154 ||  3571
       Fustibalus        |       |       |       |       |  1117 ||  1117
 Cast: Magic Dart        |    52 |    72 |    35 |       |       ||   159
Invok: Heroism           |       |       |       |    13 |     8 ||    21
Evoke: Wand              |       |       |     1 |    35 |    11 ||    47
       Lamp of fire      |       |       |       |       |     2 ||     2
  Use: Scroll            |       |     5 |     7 |     8 |     7 ||    27
       Potion            |       |     1 |     3 |     2 |     1 ||     7
 Stab: Sleeping          |     1 |       |       |       |       ||     1
       Paralysed         |       |       |       |    34 |       ||    34
  Eat: Chunk             |     3 |    13 |    10 |    19 |    34 ||    79
       Ration            |       |       |     2 |     5 |     4 ||    11
Armor: Robe              |     3 |     7 |    43 |       |       ||    53
       Skin              |       |     7 |       |     8 |    40 ||    55
       Chain mail        |       |       |    10 |   485 |   630 ||  1125
       Plate armour      |       |       |       |       |    41 ||    41
Dodge: Dodged            |    24 |    59 |   204 |   673 |   991 ||  1951
       Deflected         |       |       |       |       |     3 ||     3
